 Dungeon Crawl Stone Soup version 0.29-a0-371-g91724d5b39 (webtiles) character file.

Game seed: 14746949116483013867

26 psuckher the Sneak (level 2, -3/29 HPs)
             Began as a Troll Delver on May 2, 2022.
             Slain by an orc
             ... wielding a +0 hand axe
              (6 damage)
             ... on level 5 of the Dungeon.
             The game lasted 00:00:33 (29 turns).

psuckher the Sneak (Troll Delver)                     Turns: 29, Time: 00:00:34

Health: -3/29      AC:  4    Str: 19    XL:     2   Next: 89%
Magic:  1/1        EV:  9    Int:  6    God:
Gold:   9          SH:  0    Dex: 11    Spells: 1/1 levels left

rFire   . . .      SeeInvis .     - Unarmed
rCold   . . .      Faith    .   (no shield)
rNeg    . . .      Spirit   .   a - +0 robe
rPois   .          Reflect  .   (helmet restricted)
rElec   .          Harm     .   (no cloak)
rCorr   .          Rampage  .   (gloves unavailable)
Will    .....                   (boots unavailable)
Stlth   +.........              (no amulet)
HPRegen 0.89/turn               (no ring)
MPRegen 0.07/turn               (no ring)

@: confused
A: large, unfitting armour, claws 3, regeneration 1, shaggy fur 1, tough skin 1
a: no special abilities


You were on level 5 of the Dungeon.
You visited 1 branch of the dungeon, and saw 1 of its levels.

You collected 9 gold pieces.

Inventory:

Armour
 a - a +0 robe (worn)
Wands
 f - a wand of digging (3)
Scrolls
 b - a scroll of fog
 c - a scroll of magic mapping
 d - a scroll of fear
Potions
 e - a potion of haste
 g - a potion of mutation {unknown}


   Skills:
 + Level 2.6 Fighting
 + Level 1.6 Dodging
 + Level 3.1 Stealth
 + Level 2.1 Unarmed Combat


You had one spell level left.
You didn't know any spells.
Your spell library was empty.

Dungeon Overview and Level Annotations

Branches:
Dungeon (5/15)
 Temple: D:4-7

Altars:


Innate Abilities, Weirdness & Mutations

You are too large for most types of armour.
You have claws for hands.
Your natural rate of healing is unusually fast.
You are covered in fur. (AC +1)
You have tough skin. (AC +1)


Message History

You closely miss the orc. You scratch the orc.
The orc is heavily wounded.
The orc hits you with a +0 hand axe.
You claw the orc wizard!
The orc wizard is almost dead.
The orc hits you with a +0 hand axe.
You scratch the orc wizard.
The orc wizard is almost dead.
The orc hits you with a +0 hand axe. The orc wizard closely misses you.
You closely miss the orc wizard.
The orc wizard is almost dead.
The orc wizard hits you with a +0 dagger.
The orc completely misses you.
You barely miss the orc wizard.
The orc wizard is almost dead.
The orc hits you with a +0 hand axe. The orc wizard casts a spell at you.
You are confused.
An adder comes into view.
The adder hisses angrily.
You claw the orc wizard!
You kill the orc wizard!
The orc barely misses you.
Your Stealth skill increases to level 3!
You have reached level 2!
You're too confused to move!
The orc closely misses you. The orc hits you with a +0 hand axe.
You barely miss the orc.
The orc is heavily wounded.
The orc hits you but does no damage. The orc hits you with a +0 hand axe.
You're too confused to move!
The orc closely misses you. x2
You bump into the rock wall.
The orc hits you with a +0 hand axe.
* * * LOW HITPOINT WARNING * * *
The orc hits you with a +0 hand axe.
* * * LOW HITPOINT WARNING * * *
You barely miss the orc.
The orc is heavily wounded.
The orc hits you with a +0 hand axe.
You die...

#..(..##(#
#.....##.#.##
#...........#
#.....##.#..#
#.....##.#..#
#####.#.#.##.#..#
#......<.....#..#
#.###>#.#.#..#o.#
#.....#..@oS#
#.#.###..##.#
#...# #... ...
..### #..##.....
(#.# #..# #####.#
#.#.# #..# # #..
#..# ...#


You could see an adder and 2 orcs.

Vanquished Creatures
  An orc wizard (D:5)
  An orc (D:5)
2 creatures vanquished.

Notes
Turn   | Place    | Note
-------+----------+-------------------------------------------
     0 | D:5      | psuckher the Troll Delver began the quest for the Orb.
     0 | D:5      | Reached XP level 1. HP: 22/22 MP: 0/0
    12 | D:5      | Noticed an orc wizard
    24 | D:5      | Killed an orc wizard
    25 | D:5      | Reached skill level 3 in Stealth
    25 | D:5      | Reached XP level 2. HP: 16/29 MP: 1/1
    29 | D:5      | Slain by an orc

Illustrated notes

Levels and vault maps discovered:
D:5:      layout_loops_ring, chequers_mini_garden, minmay_ruined_shrine,
          uniq_grinder, uniq_sigmund, uniq_blork_the_orc, uniq_menkaure

Skill      XL: |  1 |
---------------+----+-----
Stealth        | 3 |  3.1
Fighting       | |  2.6
Dodging        | |  1.6
Unarmed Combat | |  2.1

Action                   || total
-------------------------++-------
Melee: Unarmed           ||    12
Armor: Robe              ||     1
Dodge: Dodged            ||     8

Table legend: (Time is in decaauts)
 A = Elapsed time spent in this place.
 B = Non-inter-level travel time spent in this place.
 C = Inter-level travel time spent in this place.
 D = Time resting spent in this place.
 E = Time spent auto-exploring this place.
 F = Levels seen in this place.
 G = Mean time per level.
                   A        B        C        D        E       F      G
               +--------+--------+--------+--------+--------+-----+--------+
         Total |     28 |     28 |      0 |      0 |      0 |   1 |   28.0 |
       Dungeon |     28 |     28 |      0 |      0 |      0 |   1 |   28.0 |
               +--------+--------+--------+--------+--------+-----+--------+

Top non-repeatable levels by time:
     D:5: 28 daAuts
